 Dungeon Crawl Stone Soup version 0.29-a0-322-g68df515428 (webtiles) character file.

Game seed: 12052289498560943955

1 GigaChad the Sneak (level 1, -2/17 HPs)
             Began as a Vampire Delver on Apr 7, 2022.
             Slain by an orc warrior
             ... wielding a +0 battleaxe
              (15 damage)
             ... on level 5 of the Dungeon.
             The game lasted 00:00:06 (25 turns).

GigaChad the Sneak (Vampire Delver)                   Turns: 25, Time: 00:00:07

Health: -2/17      AC:  3    Str: 11    XL:     1   Next: 16%
Magic:  1/1        EV: 12    Int: 12    God:
Gold:   0          SH:  0    Dex: 15    Spells: 0/0 levels left

rFire   . . .      SeeInvis +   a - +0 falchion
rCold   . . .      Faith    .   (no shield)
rNeg    . . .      Spirit   .   b - +0 leather armour
rPois   .          Reflect  .   (no helmet)
rElec   .          Harm     .   (no cloak)
rCorr   .          Rampage  .   (no gloves)
Will    .....                   (no boots)
Stlth   +++.......              (no amulet)
HPRegen 0.25/turn               (no ring)
MPRegen 0.07/turn               (no ring)

@: healing quickly
A: alive, fangs 3, see invisible, vampiric 1
a: Exsanguinate


You were on level 5 of the Dungeon.
You visited 1 branch of the dungeon, and saw 1 of its levels.

Inventory:

Hand Weapons
 a - a +0 falchion (weapon)
Armour
 b - a +0 leather armour (worn)
Wands
 g - a wand of digging (3)
Scrolls
 c - a scroll of fog
 d - a scroll of magic mapping
 e - a scroll of fear
Potions
 f - a potion of haste


   Skills:
 + Level 2.7 Fighting
 + Level 2.0 Long Blades
 + Level 2.2 Dodging
 + Level 7.3 Stealth


You couldn't memorise any spells.
You didn't know any spells.
Your spell library was empty.

Dungeon Overview and Level Annotations

Branches:
Dungeon (5/15)
 Temple: D:4-7

Altars:


Innate Abilities, Weirdness & Mutations

Your natural rate of healing is accelerated.
You have razor-sharp teeth.
You have supernaturally acute eyesight. (SInv)
You are afflicted with vampirism.


Message History

Welcome, GigaChad the Vampire Delver.
Everyone else who sought the Orb of Zot has failed.
Will you be different?
Press ? for a list of commands and other information.
Found a stone staircase leading down and a stone staircase leading up.
There is a stone staircase leading up here.
An orc comes into view. It is wielding a +0 dagger.
The orc shouts!
You hear a shout!
A quokka comes into view.
The orc moves out of view.
An orc wizard comes into view. It is wielding a +0 dagger.
An orc warrior comes into view. It is wielding a +0 battleaxe.
The orc warrior shouts!
An orc priest and an orc come into view.
The orc closely misses you.
The orc shouts!
The orc attacks as you move away! The orc barely misses you.
The orc wizard casts a spell.
The orc wizard flickers and vanishes for a moment.
A scorpion comes into view.
The orc priest shouts!
You hit the quokka. You bite the quokka.
The quokka is almost dead.
The quokka misses you.
You hit the quokka.
You kill the quokka!
You hit the orc warrior but do no damage.
You bite the orc warrior, but do no damage.
The orc warrior hits you with a +0 battleaxe.
You slash the orc warrior!
The orc warrior is moderately wounded.
The orc warrior hits you with a +0 battleaxe!
Ouch! That really hurt!
You die...

........#
........# #
......... .#
........##.#
##........#
#.#...o.s...#
#......ooo..#
#.#...##o##.# #.
#.....##@# #..
#.#...##.#
...#.....##.#
####..#.....##.##
.....#<........#
#..#.#########
#....# ....##..#
.. #..#


You could see an orc warrior, a scorpion, an orc priest, an orc wizard
(invisible) and 2 orcs.

Vanquished Creatures
  A quokka (D:5)
1 creature vanquished.

Notes
Turn   | Place    | Note
-------+----------+-------------------------------------------
     0 | D:5      | GigaChad the Vampire Delver began the quest for the Orb.
     0 | D:5      | Reached XP level 1. HP: 17/17 MP: 1/1
    15 | D:5      | Noticed an orc wizard
    15 | D:5      | Noticed an orc warrior
    16 | D:5      | Noticed an orc priest
    21 | D:5      | Noticed a scorpion
    25 | D:5      | Slain by an orc warrior

Illustrated notes

Levels and vault maps discovered:
D:5:      layout_basic, minmay_temple_entry_waves, uniq_sigmund

Action                   || total
-------------------------++-------
Melee: Falchion          ||     4
       Bite              ||     2
Dodge: Dodged            ||     3

Table legend: (Time is in decaauts)
 A = Elapsed time spent in this place.
 B = Non-inter-level travel time spent in this place.
 C = Inter-level travel time spent in this place.
 D = Time resting spent in this place.
 E = Time spent auto-exploring this place.
 F = Levels seen in this place.
 G = Mean time per level.
                   A        B        C        D        E       F      G
               +--------+--------+--------+--------+--------+-----+--------+
         Total |     25 |     25 |      0 |      0 |      0 |   1 |   25.0 |
       Dungeon |     25 |     25 |      0 |      0 |      0 |   1 |   25.0 |
               +--------+--------+--------+--------+--------+-----+--------+

Top non-repeatable levels by time:
     D:5: 25 daAuts
